 Dungeon Crawl Stone Soup version 0.30-a0-586-g23e55c9e0a (webtiles) character file.

Game seed: 17438027760461845200

5223 sokol815 the Covert (level 10, -3/79 HPs)
             Began as an Octopode Brigand on Jan 4, 2023.
             Slain by an orc warrior
             ... wielding a +0 war axe
              (6 damage)
             ... in a bailey.
             The game lasted 00:11:43 (5603 turns).

sokol815 the Covert (Octopode Brigand)              Turns: 5603, Time: 00:11:44

Health: -3/79      AC:  1    Str: 11    XL:     10   Next: 61%
Magic:  10/10      EV: 12    Int: 13    God:
Gold:   484        SH:  6    Dex: 18    Spells: 9/9 levels left

rFire   . . .      SeeInvis .    a - +3 dagger (protect)
rCold   . . .      Faith    .    m - +1 buckler
rNeg    . . .      Spirit   .    (helmet restricted)
rPois   .          Reflect  .    (no amulet)
rElec   .          Harm     .    W - ring of willpower
rCorr   .          Rampage  .    (no ring)
Will    +....                    (no ring)
Stlth   ++++++                   (no ring)
HPRegen 0.33/turn                (no ring)
MPRegen 0.12/turn                (no ring)
                                 (no ring)
                                 (no ring)

@: mighty
A: almost no armour, amphibious, 8 rings, camouflage 1, gelatinous body 1,
(nimble swimmer 1), tentacles
a: no special abilities


You were in a bailey.
You visited 2 branches of the dungeon, and saw 8 of its levels.
You also visited: Bailey.

You collected 484 gold pieces.

Inventory:

Hand Weapons
 a - a +3 dagger of protection (weapon)
   (You took it off a goblin on level 2 of the Dungeon)
 d - a +1 dagger of flaming
   (You took it off a kobold on level 7 of the Dungeon)
 f - a +2 dagger
 h - a +4 hand axe
   (You took it off a goblin on level 7 of the Dungeon)
 j - a +0 short sword of electrocution
   (You took it off a kobold brigand on level 7 of the Dungeon)
 n - a +2 spear of venom
   (You found it on level 4 of the Dungeon)
Missiles
 b - 9 poisoned darts
 c - 4 curare-tipped darts
 g - 6 javelins
 s - 16 stones
Armour
 m - a +1 buckler (worn)
   (You found it on level 4 of the Dungeon)
Jewellery
 W - a ring of willpower (left tentacle)
   (You took it off a hobgoblin on level 6 of the Dungeon)
Wands
 i - a wand of iceblast (3)
   (You found it on level 4 of the Dungeon)
Scrolls
 e - a scroll of enchant weapon
 k - a scroll of fog {unknown}
 o - a scroll of butterflies {unknown}
 X - 3 scrolls of magic mapping {@r4!r}
 Y - 2 scrolls of teleportation {@r3}
Potions
 l - a potion of attraction {!q}
 B - a potion of brilliance
 M - 2 potions of magic


   Skills:
 - Level 11.3 Fighting
 - Level 10.0 Short Blades
 - Level 2.0 Throwing
 - Level 1.0 Dodging
 + Level 11.4 Stealth
 - Level 4.0 Shields


You had 9 spell levels left.
You didn't know any spells.
Your spell library was empty.

Dungeon Overview and Level Annotations

Branches:
Dungeon (7/15) Zot: 26768  Temple (1/1) D:6 Zot: 5736  Bailey (1/1) Zot: 5772

Altars:
Ashenzari
Cheibriados
Dithmenos
Elyvilon
Fedhas
Hepliaklqana
Qazlal
Ru
Sif Muna
Vehumet
Wu Jian
Xom
Yredelemnul


Innate Abilities, Weirdness & Mutations

You cannot wear most types of armour.
You are amphibious.
You can wear up to eight rings at the same time.
Your skin changes colour to match your surroundings (Stealth+).
Your rubbery body absorbs attacks. (AC +1, EV +1)
((You are camouflaged when in or above water. (Stealth+)))
You have tentacles for arms and can constrict up to eight enemies at once.


Message History

You feel agile.
You regained 6 hp, and now have 17/79 hp.
MP restored: 10 It was a potion of might.
You feel very mighty all of a sudden.
Aim: an orc warrior, wielding a +0 war axe and wearing a +0 scale mail The mass of ice explodes!
The iceblast engulfs the orc warrior.
You hear a shout! x5
Your resistance to elements expires.
You puncture the orc warrior!
Your weapon exudes an aura of protection.
You grab the orc warrior. You squeeze the orc warrior!
You constrict the orc warrior. You puncture the orc warrior!
You kill the orc warrior!
A hobgoblin opens the door.
A goblin comes into view. It is wielding a +0 hand axe.
The goblin shouts!
You puncture the goblin!
You kill the goblin!
You hear a shout! x4
You hit the hobgoblin. Your grab misses the hobgoblin.
Your squeeze misses the hobgoblin. You block the hobgoblin's attack.
You closely miss the hobgoblin. Your grab misses the hobgoblin.
You squeeze the hobgoblin, but do no damage.
You closely miss the hobgoblin. You grab the hobgoblin.
You constrict the hobgoblin. The hobgoblin misses you.
You hit the hobgoblin.
You kill the hobgoblin!
An orc warlord and 2 goblins come into view.
The orc warlord roars a battlecry!
An orc warrior comes into view. It is wielding a +0 war axe.
The orc warrior shouts!
You hear a shout!
As you read the scroll labelled UWIURE NIAPO, it crumbles to dust.
It is a scroll of enchant armour.
Your +0 buckler glows green for a moment.
You feel better.
An orc comes into view. It is wielding a +0 war axe.
You regained 8 hp, and now have 30/79 hp.
The orc shouts!
You hit the orc warrior.
Your weapon exudes an aura of protection.
Your grab misses the orc warrior. The orc warrior barely misses you.
You barely miss the orc warrior. You grab the orc warrior.
You constrict the orc warrior, but do no damage.
You hit the orc warrior but do no damage.
You constrict the orc warrior, but do no damage.
You block the orc warrior's attack.
You puncture the orc warrior!
You constrict the orc warrior, but do no damage.
You completely miss the orc warrior.
You constrict the orc warrior, but do no damage.
The orc warrior barely misses you. The goblin closely misses you.
You hit the orc warrior but do no damage.
You squeeze the orc warrior!
You constrict the orc warrior, but do no damage.
You hit the orc warrior. You squeeze the orc warrior.
You kill the orc warrior!
You block the gnoll's attack. The goblin hits you but does no damage.
The gnoll hits you but does no damage. The goblin hits you with a +0 hand axe.
Things that are here:
a +0 war axe; a +0 plate armour You take 4 damage, and have 27/79 hp.
The gnoll closely misses you.
The orc warlord grunts loudly, as Orcs often do.
The orc warlord roars a battlecry!
There is an open door here.
The orc warrior shouts!
You puncture the gnoll! Your grab misses the gnoll. You puncture the gnoll!
You grab the gnoll. You constrict the gnoll.
You kill the gnoll!
The goblin closely misses you. The goblin attacks as you move away!
You block the goblin's attack. The goblin attacks as you move away!
You block the goblin's attack.
You puncture the goblin!
You kill the goblin!
As you read the scroll of fear, it crumbles to dust.
You assume a fearsome visage.
The orc warlord resists with almost no effort.
The orc warrior looks frightened!
The orc warlord attacks as you move away!
The orc warlord closely misses you.
The orc warrior no longer looks unusually strong.
The orc warlord roars a battlecry!
The orc warriors go into a battle-frenzy!
There is an open door, spattered with blood here.
Items here: )))))) [[[[[[ ††.
The orc warlord roars a battlecry!
The orc warrior goes into a battle-frenzy!
The goblin shouts!
The orc warrior shouts!
The goblin shouts!
The goblin hits you with a +0 war axe!
You take 8 damage, and have 25/79 hp.
The orc warrior attacks as you move away!
The orc warrior hits you with a +0 war axe!!
* * * LOW HITPOINT WARNING * * *
You take 23 damage, and have 2/79 hp.
MASSIVE DAMAGE!!
The orc warrior hits you with a +0 war axe.
You die...

#.........##
#.....⌠))...#######
##......)..##.....##
+.........')......#
##.......##)......##
#.......#.).......#
##.....##..o......##
#######.....⌠.....#
##.@.g.....##
#..o......#
##.g.....##
#.......# ##.....##
####o## ....o..
##..)o.##
........#....g..#
.......##.o.....##


You could see an orc warlord, 2 orc warriors, an orc and 2 goblins.

Vanquished Creatures
  An orc knight (Bailey)
  Grinder (D:6)
  Sigmund (D:5)
  A water moccasin (D:6)
  4 orc warriors (Bailey)
  A black bear (D:6)
  An ogre (D:5)
  4 phantoms
  A kobold brigand (D:7)
  5 scorpions
  3 howler monkeys
  3 jellies
  3 hounds
  An iguana (D:6)
  An orc wizard (D:4)
  11 adders
  6 gnolls (Bailey)
  A shadow imp (D:5)
  A white imp (D:7)
  An ufetubus (D:5)
  3 worms
  A dart slug (D:2)
  8 orcs
  5 endoplasms
  5 giant cockroaches
  18 goblins
  11 hobgoblins
  7 jackals
  12 kobolds
  5 quokkas
  8 ball pythons
  4 bats
  3 frilled lizards
  4 rats
145 creatures vanquished.

Vanquished Creatures (others)
  A plant (D:1)
1 creature vanquished.

Grand Total: 146 creatures vanquished

Notes
Turn   | Place    | Note
-------+----------+-------------------------------------------
     0 | D:1      | sokol815 the Octopode Brigand began the quest for the Orb.
     0 | D:1      | Reached XP level 1. HP: 14/14 MP: 1/1
   295 | D:1      | Reached XP level 2. HP: 19/19 MP: 2/2
   458 | D:1      | Reached skill level 3 in Short Blades
   841 | D:1      | Reached XP level 3. HP: 24/24 MP: 3/3
  1414 | D:2      | Reached skill level 4 in Short Blades
  1515 | D:2      | Reached XP level 4. HP: 29/29 MP: 4/4
  1979 | D:3      | Found a basalt altar of Yredelemnul.
  2223 | D:3      | Reached skill level 5 in Short Blades
  2223 | D:3      | Reached XP level 5. HP: 34/34 MP: 5/5
  2415 | D:4      | Reached skill level 6 in Short Blades
  2521 | D:4      | Noticed a phantom
  2529 | D:4      | Noticed a phantom
  2533 | D:4      | Reached XP level 6. HP: 27/39 MP: 6/6
  2559 | D:4      | Reached skill level 7 in Short Blades
  2929 | D:4      | Reached XP level 7. HP: 45/45 MP: 7/7
  2934 | D:4      | Found a stormy altar of Qazlal.
  3078 | D:5      | Entered Level 5 of the Dungeon
  3102 | D:5      | Reached skill level 1 in Shields
  3173 | D:5      | Reached skill level 2 in Shields
  3325 | D:5      | Reached skill level 8 in Short Blades
  3325 | D:5      | Reached skill level 3 in Shields
  3365 | D:5      | Noticed Eustachio
  3395 | D:5      | Noticed Sigmund
  3579 | D:5      | Killed Sigmund
  3580 | D:5      | Reached skill level 4 in Shields
  3580 | D:5      | Reached XP level 8. HP: 28/50 MP: 8/8
  3757 | D:5      | Eustachio changed into Eustachio the frilled lizard
  3757 | D:5      | Noticed Eustachio
  3758 | D:5      | Killed Eustachio the frilled lizard
  3855 | D:5      | Reached skill level 9 in Short Blades
  4124 | D:6      | Found a staircase to the Ecumenical Temple.
  4134 | Temple   | Entered the Ecumenical Temple
  4745 | D:6      | Reached skill level 10 in Short Blades
  4781 | D:6      | Reached skill level 6 in Stealth
  4934 | D:6      | Noticed Grinder
  4946 | D:6      | Killed Grinder
  4947 | D:6      | Reached skill level 8 in Stealth
  4947 | D:6      | Reached XP level 9. HP: 53/54 MP: 9/9
  5105 | D:7      | Found a flagged portal.
  5237 | D:7      | Found an ornate altar of the Wu Jian Council.
  5337 | Bailey   | Entered a bailey
  5385 | Bailey   | Reached skill level 9 in Stealth
  5469 | Bailey   | Noticed an orc knight
  5482 | Bailey   | Killed an orc knight
  5483 | Bailey   | Reached skill level 11 in Stealth
  5515 | Bailey   | HP: 12/54 [gnoll/+0 hand axe (7)]
  5520 | Bailey   | HP: 5/54 [gnoll/+0 hand axe (3)]
  5522 | Bailey   | HP: 2/54 [gnoll/+0 hand axe (4)]
  5555 | Bailey   | Reached skill level 11 in Fighting
  5555 | Bailey   | Reached XP level 10. HP: 17/79 MP: 10/10
  5570 | Bailey   | Noticed an orc warlord
  5602 | Bailey   | HP: 2/79 [orc warrior/+0 war axe (23)]
  5603 | Bailey   | Slain by an orc warrior

Illustrated notes

Levels and vault maps discovered:
D:1:      psy_arrival_heroes, layout_basic, serial_bayou_pond_a
D:2:      layout_rooms, minivault_26, eino_curves_03, hangedman_glass_teeth
D:3:      layout_rooms, nicolae_overflow_crystal_walls
D:4:      layout_rooms, grunt_qazlal_sundering
D:5:      layout_cave_pools, serial_rivers, chequers_serial_rivers_micro_b,
          chequers_serial_rivers_room_b, chequers_serial_rivers_room_b,
          chequers_serial_rivers_marsh, chequers_serial_rivers_micro_d,
          uniq_eustachio, uniq_sigmund
D:6:      layout_basic, minmay_temple_entry_drinking_statues,
          chequers_decorated_corner, uniq_grinder
D:7:      kennysheep_windowed_halls, layout_loops_ring, lemuel_crystal_altar,
          nicolae_overflow_hidden_temple, enter_bailey_3
Temple:   jpeg_temple_alley_garden
Bailey:   bailey_axe_minmay_hex_keep, bailey

Skill      XL: |  1  2  3  4  5  6  7  8  9 |
---------------+----------------------------+-----
Short Blades   | 3 4 5 6 7 8 10 | 10.0
Shields        | 4 |  4.0
Stealth        | 8 11 | 11.4
Fighting       | 11 | 11.3
Throwing       | |  2.0
Dodging        | |  1.0

Action                   |  1- 3 |  4- 6 |  7- 9 | 10-12 || total
-------------------------+-------+-------+-------+-------++-------
Melee: Dagger            |    74 |   126 |   246 |    17 ||   463
       Constrict         |    18 |    21 |    42 |     4 ||    85
       Tentacles         |    12 |    23 |    75 |     4 ||   114
       Punch             |     2 |     2 |     7 |       ||    11
Throw: Stone             |    30 |    10 |    25 |       ||    65
       Javelin           |       |       |     1 |       ||     1
Evoke: Wand              |       |       |     3 |     1 ||     4
  Use: Scroll            |     2 |     3 |    11 |     2 ||    18
       Potion            |       |       |     3 |     2 ||     5
 Stab: Sleeping          |    10 |    10 |     5 |       ||    25
       Invisible         |       |       |     3 |       ||     3
Armor: Skin              |     8 |    31 |    30 |     2 ||    71
Dodge: Dodged            |    29 |    36 |    66 |     7 ||   138
Block: Buckler           |       |       |    24 |     5 ||    29

Table legend: (Time is in decaauts)
 A = Elapsed time spent in this place.
 B = Non-inter-level travel time spent in this place.
 C = Inter-level travel time spent in this place.
 D = Time resting spent in this place.
 E = Time spent auto-exploring this place.
 F = Levels seen in this place.
 G = Mean time per level.
                   A        B        C        D        E       F      G
               +--------+--------+--------+--------+--------+-----+--------+
         Total |   5442 |   5214 |    228 |    722 |   3530 |   9 |  604.7 |
       Dungeon |   4952 |   4777 |    175 |    669 |   3304 |   7 |  707.4 |
        Temple |    263 |    210 |     53 |      0 |    206 |   1 |  263.0 |
        Bailey |    226 |    226 |      0 |     53 |     20 |   1 |  226.0 |
               +--------+--------+--------+--------+--------+-----+--------+

Top non-repeatable levels by time:
     D:1: 1153 daAuts
     D:5: 910 daAuts
     D:6: 783 daAuts
     D:2: 708 daAuts
     D:4: 675 daAuts
     D:3: 488 daAuts
  Temple: 263 daAuts
     D:7: 231 daAuts
  Bailey: 226 daAuts

Table legend:
 A = Kills in this place as a percentage of kills in entire the game.
 B = Kills by you in this place as a percentage of kills by you in the entire game.
 C = Kills by friends in this place as a percentage of kills by friends in the entire game.
 D = Other kills in this place as a percentage of other kills in the entire game.
 E = Experience gained in this place as a percentage of experience gained in the entire game.
 F = Experience gained in this place divided by the number of levels of this place that you have seen.
                   A       B       C       D       E      F
               +-------+-------+-------+-------+-------+----------------------
         Total | 100.0 | 100.0 |   N/A |   N/A | 100.0 | 434.0
       Dungeon |  84.1 |  84.1 |   N/A |   N/A |  68.6 | 382.7
        Bailey |  15.9 |  15.9 |   N/A |   N/A |  31.4 | 1227.0
               +-------+-------+-------+-------+-------+----------------------
